[Event "Titled Tuesday Blitz June 28 Late 2022"]
[White "Ward, Ieuan C"]
[Black "Perske, Thore"]
[WhiteFideId "406627"]
[BlackFideId "12902195"]
[WhiteElo "2345"]
[BlackElo "2315"]
[Result "0-1"]
[Round "05"]
[TimeControl "180+1"]
[Date "2022.06.29"]
[WhiteClock "0:00:17"]
[BlackClock "0:00:19"]

1. d4 Nf6 2. c4 g6 3. Nc3 Bg7 4. Nf3 O-O 5. Bg5 d6 6. e3 Nbd7 7. Qc2 b6 8. Be2 Bb7 9. O-O Re8 10. Rad1 Qc8 11. d5 c6 12. dxc6 Bxc6 13. Nd4 Bb7 14. Bf3 Bxf3 15. Nxf3 Qxc4 16. Rc1 Rac8 17. Qd2 Qa6 18. h3 h6 19. Bh4 g5 20. Bg3 Rc5 21. b4 Rc4 22. Nd5 Nxd5 23. Qxd5 Rec8 24. Rxc4 Qxc4 25. Qf5 Qe6 26. Qb1 Nf6 27. Nd4 Qc4 28. Nf5 Bf8 29. h4 Qc2 30. hxg5 hxg5 31. Nd4 Qxb1 32. Rxb1 Ne4 33. Bh2 Bg7 34. Nf5 Bf6 35. g4 Rc2 36. f3 Nd2 37. Rb3 Nxf3+ 0-1


[Site "https://www.chess.com"]

[Event "Titled Tuesday Blitz June 28 Late 2022"]
[White "Wartiovaara, Oliver"]
[Black "Al-Tarboush, Ward"]
[WhiteFideId "513024"]
[BlackFideId "7601450"]
[WhiteElo "1971"]
[BlackElo "2249"]
[Result "1-0"]
[Round "05"]
[TimeControl "180+1"]
[Date "2022.06.29"]
[WhiteClock "0:00:05"]
[BlackClock "0:00:17"]

1. Nf3 b6 2. e4 Bb7 3. Nc3 e6 4. d4 Bb4 5. Bd3 Nf6 6. Qe2 d5 7. e5 Ne4 8. O-O Nxc3 9. bxc3 Bxc3 10. Rb1 Nc6 11. Qe3 Bb4 12. c3 Be7 13. Ne1 Qd7 14. f4 g6 15. Nc2 O-O-O 16. a4 a5 17. Na3 f6 18. Nb5 f5 19. Bd2 Rdg8 20. c4 dxc4 21. Bxc4 Nb4 22. Bxb4 Bxb4 23. Qb3 Bd5 24. Rfc1 Bxc4 25. Qxc4 Rg7 26. Na7+ Kb7 27. Nc6 Qd5 28. Nxb4 Qxc4 29. Rxc4 axb4 30. Rcxb4 Ra8 31. Rc1 Rd7 32. Rbc4 Ra5 33. Kf2 Rdd5 34. Rxc7+ Ka6 35. R1c4 Rd8 36. Rxh7 Rad5 37. Ke3 R5d7 38. Rxd7 Rxd7 39. Rc6 Re7 40. d5 exd5 41. Kd4 Ka5 42. e6 Kxa4 43. Rxb6 Ka5 44. Rd6 Kb5 45. Kxd5 Ra7 46. Rd7 Ra2 47. e7 Re2 48. Rd6 Rxe7 49. Rxg6 Re2 50. Rg5 Kb6 51. Rg7 Rf2 52. g3 Rxh2 53. Ke5 Rh5 54. Rg5 Rh3 55. Kxf5 Kc6 56. Rg6+ Kd7 57. g4 Ke7 58. g5 Kf7 59. Ra6 Rb3 60. Ra7+ Kg8 61. Kg6 Rb6+ 62. Kh5 Rb1 63. f5 Rf1 64. Kg6 Kf8 65. Ra8+ Ke7 66. f6+ Ke6 67. Re8+ Kd7 68. Re2 Ra1 69. f7 1-0


[Site "https://www.chess.com"]

[Event "Titled Tuesday Blitz June 28 Late 2022"]
[White "Xiong, Jeffery"]
[Black "Jobava, Baadur"]
[WhiteFideId "2047640"]
[BlackFideId "13601520"]
[WhiteElo "2714"]
[BlackElo "2617"]
[Result "1/2-1/2"]
[Round "05"]
[TimeControl "180+1"]
[Date "2022.06.28"]
[WhiteClock "0:00:06"]
[BlackClock "0:01:21"]

1. e4 e5 2. Nf3 Nf6 3. Nc3 d6 4. d4 Nbd7 5. Bc4 Be7 6. a4 O-O 7. O-O a5 8. Re1 b6 9. h3 Bb7 10. Bb5 h6 11. b3 Re8 12. Bb2 Bf8 13. dxe5 dxe5 14. Nd5 Nxd5 15. exd5 e4 16. Nd4 e3 17. fxe3 Bxd5 18. Nc6 Qg5 19. Qg4 Rxe3 20. Qxg5 Rxe1+ 21. Rxe1 hxg5 22. Ne7+ Bxe7 23. Rxe7 Nc5 24. Rxc7 Rd8 25. Ba3 Ne6 26. Be7 Nxc7 27. Bxd8 Nxb5 28. axb5 Be4 29. c3 Bc2 30. Bxb6 a4 31. bxa4 Bxa4 32. c4 Bb3 33. Be3 Bxc4 34. b6 Bd5 35. Bxg5 f6 36. Bd2 Kf7 37. Kf2 Ke6 38. g4 g5 39. Ke3 Bg2 40. Kd4 Kd7 41. Kc5 Bxh3 42. Bc3 Bxg4 43. Bxf6 Bf3 44. Bxg5 Bb7 45. Bf4 1/2-1/2


[Site "https://www.chess.com"]

[Event "Titled Tuesday Blitz June 28 Late 2022"]
[White "Yuan, Qingyu"]
[Black "Vusatiuk, Vladimir"]
[WhiteFideId "8609772"]
[BlackFideId "14118610"]
[WhiteElo "2359"]
[BlackElo "2157"]
[Result "1-0"]
[Round "05"]
[TimeControl "180+1"]
[Date "2022.06.28"]
[WhiteClock "0:00:11"]
[BlackClock "0:00:23"]

1. e4 e6 2. d4 d5 3. e5 c5 4. c3 Nc6 5. Nf3 Nge7 6. Na3 cxd4 7. cxd4 Nf5 8. Nc2 Bd7 9. Bd3 Qb6 10. O-O Be7 11. Rb1 a5 12. Bxf5 exf5 13. Bg5 Bxg5 14. Nxg5 h6 15. Nf3 O-O 16. h4 Be6 17. Qd2 Nb4 18. Nxb4 axb4 19. b3 Rfc8 20. Rfc1 Qa5 21. Rb2 Rc3 22. Rbc2 Rac8 23. Ne1 Qc7 24. a3 Qe7 25. Rxc3 bxc3 26. Rxc3 Rxc3 27. Qxc3 Qxa3 28. Nd3 b6 29. h5 Kh7 30. g3 Qa2 31. Kg2 Qe2 32. Nf4 Qe4+ 33. Kh2 b5 34. Kg1 Qb1+ 35. Kg2 Qe4+ 36. Kg1 Qb1+ 37. Kh2 Qf1 38. Qd2 Qb1 39. b4 Qf1 40. Qe2 Qb1 41. Qxb5 Qb2 42. Kg2 Qxd4 43. Qc5 Qe4+ 44. Kg1 Qe1+ 45. Kh2 Qxe5 46. b5 Qb8 47. b6 Bc8 48. Nxd5 g5 49. Qc7 Qb7 50. Ne7 Qxc7 51. bxc7 Bd7 52. c8=Q Bxc8 53. Nxc8 Kg7 54. Nd6 Kf6 55. Kg2 Ke6 56. Nc4 Kd5 57. Nb6+ Ke4 58. f3+ Ke3 59. Nc4+ Kd4 60. Nd6 f4 61. gxf4 gxf4 62. Nxf7 Kd5 63. Nxh6 Ke5 64. Ng4+ Kf5 65. h6 Kg6 66. Kf2 Kh7 67. Ke2 Kg6 68. Kd2 Kh7 69. Kc3 Kg6 70. Kb4 Kh7 71. Ka5 Kg6 72. Ka6 Kh7 73. Kb6 Kg6 74. Kc5 Kh7 75. Kc4 Kg6 76. Kd4 Kh7 77. Ke4 Kg6 78. Ke5 Kh7 79. Kf5 Kg8 80. Kg5 Kh7 81. Kxf4 Kg8 82. Kg5 Kh7 83. f4 Kg8 84. Kg6 Kh8 85. f5 Kg8 86. f6 Kh8 87. Ne5 Kg8 88. h7+ Kh8 89. Nf7# 1-0


[Site "https://www.chess.com"]

[Event "Titled Tuesday Blitz June 28 Late 2022"]
[White "Zhigalko, Sergei"]
[Black "Plazuelo Pascual, Juan"]
[WhiteFideId "13502956"]
[BlackFideId "32059566"]
[WhiteElo "2662"]
[BlackElo "2359"]
[Result "0-1"]
[Round "05"]
[TimeControl "180+1"]
[Date "2022.06.28"]
[WhiteClock "0:00:01"]
[BlackClock "0:00:06"]

1. e4 c5 2. Nf3 Nc6 3. c3 d5 4. exd5 Qxd5 5. d4 Bf5 6. Be3 cxd4 7. Nxd4 Bd7 8. Nd2 Nxd4 9. Bxd4 e5 10. Be3 Nf6 11. Nc4 Be6 12. Qb3 b5 13. Na5 a6 14. c4 Qd8 15. Nc6 Qc7 16. Nb4 bxc4 17. Qa4+ Bd7 18. Qa3 a5 19. Bd2 Qb7 20. Qe3 Bxb4 21. Qxe5+ Kd8 22. O-O-O Re8 23. Qg5 Bxd2+ 24. Qxd2 c3 25. Qxc3 Rc8 26. Bc4 Ke7 27. Qa3+ Qb4 28. Qxb4+ axb4 29. b3 Be6 30. Rhe1 Kf8 31. Kb2 Bxc4 32. bxc4 Rxe1 33. Rxe1 Rxc4 34. Kb3 Rd4 35. Re5 g6 36. Rb5 Ne4 37. f3 Nd2+ 38. Kc2 Nf1 0-1


[Site "https://www.chess.com"]

[Event "Titled Tuesday Blitz June 28 Late 2022"]
[White "Abdi, Farzad"]
[Black "Rosen, Eric"]
[WhiteFideId "2076829"]
[BlackFideId "2032562"]
[WhiteElo "2326"]
[BlackElo "2362"]
[Result "1/2-1/2"]
[Round "06"]
[TimeControl "180+1"]
[Date "2022.06.29"]
[WhiteClock "0:00:08"]
[BlackClock "0:00:02"]

1. e4 e5 2. Nf3 Nc6 3. Bb5 a6 4. Ba4 Nf6 5. O-O Be7 6. Re1 b5 7. Bb3 O-O 8. h3 Bb7 9. a4 b4 10. d4 d6 11. c3 bxc3 12. Nxc3 h6 13. Be3 Re8 14. d5 Nb8 15. Rc1 Nbd7 16. Re2 Nh5 17. Rec2 Nf4 18. Ne2 Nxe2+ 19. Qxe2 Rc8 20. a5 Bg5 21. Nxg5 hxg5 22. Ba4 Re7 23. Bc6 Bxc6 24. Rxc6 Nb8 25. R6c3 f6 26. b4 Qe8 27. Qg4 c6 28. Bb6 g6 29. g3 Kg7 30. Kg2 Rf7 31. h4 gxh4 32. Qxh4 Rf8 33. Rh1 Rh8 34. Qxh8+ Qxh8 35. Rxh8 Kxh8 36. Ba7 c5 37. bxc5 dxc5 38. Bxb8 Rxb8 39. Rxc5 Kg7 40. Rc6 Ra8 41. Rc7+ Kf8 42. Rh7 Kg8 43. Rc7 Kf8 44. d6 Rd8 45. Rc6 Kf7 46. Rxa6 Ke6 47. d7+ Ke7 48. Ra7 Kd6 49. Ra6+ Ke7 50. Ra7 Kd6 51. Kf3 Ke6 52. Ke3 f5 53. exf5+ gxf5 54. f4 e4 55. g4 fxg4 56. Kxe4 Kf6 57. Ra6+ Ke7 58. Ra7 Kf6 59. f5 g3 60. Ra6+ Kf7 61. Rg6 Rxd7 62. Rxg3 Ra7 63. Ra3 Kf6 64. a6 Ra8 65. Kf4 Ke7 66. Ra5 Kf6 67. a7 Rxa7 68. Rxa7 1/2-1/2


[Site "https://www.chess.com"]

[Event "Titled Tuesday Blitz June 28 Late 2022"]
[White "Adewumi, Tanitoluwa"]
[Black "Fernandez Siles, Luis"]
[WhiteFideId "30966396"]
[BlackFideId "2209420"]
[WhiteElo "2651"]
[BlackElo "2387"]
[Result "1-0"]
[Round "06"]
[TimeControl "180+1"]
[Date "2022.06.29"]
[WhiteClock "0:00:09"]
[BlackClock "0:00:09"]

1. e4 c5 2. Nf3 Nc6 3. Bb5 g6 4. Bxc6 dxc6 5. d3 Bg7 6. h3 e5 7. Be3 b6 8. Nc3 f6 9. Qd2 Be6 10. a3 a5 11. Rb1 a4 12. O-O h5 13. Nh4 Ne7 14. Nf3 g5 15. Ne1 Ng6 16. Ne2 Qd7 17. c3 Bxh3 18. gxh3 Qxh3 19. Ng3 Nf4 20. Bxf4 gxf4 21. Nf5 Rg8 22. f3 Bf8+ 23. Ng2 O-O-O 24. Rf2 Rg5 25. Rd1 c4 26. d4 exd4 27. cxd4 Bc5 28. Qxf4 Rdg8 29. Ne3 Bf8 30. d5 Bh6 31. Qxf6 Rxg2+ 32. Nxg2 Be3 33. Qe6+ Qxe6 34. dxe6 h4 35. Kf1 Bxf2 36. Kxf2 h3 37. Nf4 h2 38. Rh1 Rf8 39. Rxh2 Rxf4 40. Rh8+ Kc7 41. e7 1-0


[Site "https://www.chess.com"]

[Event "Titled Tuesday Blitz June 28 Late 2022"]
[White "Adla, Diego"]
[Black "Corrales Jimenez, Fidel"]
[WhiteFideId "100072"]
[BlackFideId "3506690"]
[WhiteElo "2377"]
[BlackElo "2541"]
[Result "0-1"]
[Round "06"]
[TimeControl "180+1"]
[Date "2022.06.28"]
[WhiteClock "0:00:01"]
[BlackClock "0:01:06"]

1. e4 c5 2. Nf3 d6 3. Bb5+ Nd7 4. d4 cxd4 5. Qxd4 a6 6. Bxd7+ Bxd7 7. Bg5 Nf6 8. Nc3 e6 9. O-O-O h6 10. Bxf6 Qxf6 11. Qxf6 gxf6 12. Nd4 Rc8 13. f4 h5 14. Kb1 h4 15. g4 h3 16. Rhg1 Ke7 17. Rd3 b5 18. a3 Bh6 19. Nde2 a5 20. Rxh3 b4 21. axb4 axb4 22. Nd1 Bb5 23. Nd4 Bd7 24. Rf3 Bg7 25. f5 Rxh2 26. Ne3 Bh6 27. b3 Rc3 28. Re1 Rd2 29. fxe6 fxe6 30. Ndf5+ exf5 31. Nd5+ Kd8 32. Nxc3 bxc3 33. gxf5 Rh2 34. Rg1 Bd2 35. Rg8+ Kc7 36. Rg7 Kc6 0-1


[Site "https://www.chess.com"]

[Event "Titled Tuesday Blitz June 28 Late 2022"]
[White "Araujo Sanchez, Josue"]
[Black "Hakobyan, Aram"]
[WhiteFideId "6416896"]
[BlackFideId "13306677"]
[WhiteElo "2339"]
[BlackElo "2557"]
[Result "0-1"]
[Round "06"]
[TimeControl "180+1"]
[Date "2022.06.28"]
[WhiteClock "0:00:01"]
[BlackClock "0:00:09"]

1. Nf3 d5 2. c4 e6 3. g3 Nf6 4. Bg2 Be7 5. O-O O-O 6. b3 d4 7. Bb2 Nc6 8. e3 e5 9. exd4 exd4 10. Re1 Bf5 11. a3 a5 12. Ne5 Nxe5 13. Rxe5 Bg4 14. Qf1 Nd7 15. Re4 Bf5 16. Rf4 Bc2 17. Rxd4 Bf6 18. Rxd7 Qxd7 19. Bxf6 gxf6 20. Nc3 c6 21. Qc1 Bd3 22. Ne4 Qd4 23. Qc3 Qxc3 24. Nxc3 Rfe8 25. Rc1 Rad8 26. Na4 Bf5 27. Nc5 Re7 28. Rd1 Rxd2 29. Rc1 Ra2 30. a4 b6 31. Na6 Rc2 32. Rd1 Rd2 33. Rf1 c5 34. Nb8 Bd3 35. Rc1 Ree2 36. Bd5 Rxf2 37. Nd7 Kg7 38. Nxb6 Rxh2 39. Nd7 Bf5 40. Nxc5 Be6 41. Bxe6 Rdg2+ 42. Kf1 fxe6 43. Nxe6+ Kf7 44. Nd4 Rb2 45. Kg1 Rbg2+ 46. Kf1 Rd2 47. Kg1 Rhg2+ 48. Kf1 Rxg3 49. Nc6 Rh3 50. Kg1 Rhh2 51. Nxa5 h5 52. c5 h4 53. c6 h3 54. Rc3 Rdg2+ 55. Kf1 Rh1# 0-1


[Site "https://www.chess.com"]

[Event "Titled Tuesday Blitz June 28 Late 2022"]
[White "Averjanov, Alexey"]
[Black "Vusatiuk, Vladimir"]
[WhiteFideId "14109867"]
[BlackFideId "14118610"]
[WhiteElo "2683"]
[BlackElo "2493"]
[Result "0-1"]
[Round "06"]
[TimeControl "180+1"]
[Date "2022.06.29"]
[WhiteClock "0:01:43"]
[BlackClock "0:01:20"]

1. d4 Nf6 2. c4 e6 3. Nf3 d5 4. e3 a6 5. Nbd2 dxc4 6. Bxc4 b5 7. Be2 Bb7 8. a4 b4 9. b3 Be7 10. Bb2 Nbd7 11. O-O O-O 12. Rc1 c5 13. Nc4 Rc8 14. Qc2 Qc7 15. Rfd1 Rfd8 16. Nfe5 Nxe5 17. dxe5 Be4 18. Bd3 Rxd3 19. Rxd3 Nd5 20. f3 Bxd3 21. Qxd3 Rd8 22. Qc2 Nb6 23. Nd6 Bxd6 24. exd6 Qxd6 25. Qxc5 Qxc5 26. Rxc5 Rd1+ 27. Kf2 Rd2+ 28. Kg3 Rxb2 29. Rc6 Nd7 30. Rxa6 Rxb3 31. a5 Rxe3 32. Ra8+ Nf8 33. a6 Ra3 34. a7 b3 0-1


[Site "https://www.chess.com"]

[Event "Titled Tuesday Blitz June 28 Late 2022"]
[White "Baches Garcia, Guillermo"]
[Black "Sibilio, Mario"]
[WhiteFideId "2209764"]
[BlackFideId "800422"]
[WhiteElo "2506"]
[BlackElo "2296"]
[Result "1-0"]
[Round "06"]
[TimeControl "180+1"]
[Date "2022.06.29"]
[WhiteClock "0:00:03"]
[BlackClock "0:00:01"]

1. e4 d6 2. d4 Nf6 3. Nc3 g6 4. g3 Bg7 5. Bg2 O-O 6. Nge2 e5 7. O-O b6 8. h3 Ba6 9. Be3 Nc6 10. Re1 Re8 11. d5 Ne7 12. g4 c6 13. dxc6 Nxc6 14. Qd2 Qd7 15. a4 Rad8 16. Red1 h5 17. g5 Nh7 18. Nd5 Ne7 19. Nec3 Bc4 20. a5 b5 21. b3 Bxd5 22. Nxd5 Nxd5 23. Qxd5 Rc8 24. Ra2 Bf8 25. a6 Rc7 26. Bf1 Rb8 27. Rd2 Be7 28. h4 Qg4+ 29. Bg2 Qxh4 30. Ra5 Nxg5 31. Bxg5 Qxg5 32. Re2 h4 33. Kh2 Qf4+ 34. Kh1 h3 35. Rxb5 hxg2+ 36. Kxg2 Qg4+ 37. Kf1 Rxb5 38. Qxb5 Rxc2 39. Rxc2 Qd1+ 40. Kg2 Qxc2 41. Qb8+ Kg7 42. Qxa7 Bh4 43. Qb6 Qxb3 44. Qxb3 1-0


[Site "https://www.chess.com"]

[Event "Titled Tuesday Blitz June 28 Late 2022"]
[White "Balint, Vilmos"]
[Black "De La Colina, Nicolas"]
[WhiteFideId "718050"]
[BlackFideId "30946921"]
[WhiteElo "2059"]
[BlackElo "2046"]
[Result "0-1"]
[Round "06"]
[TimeControl "180+1"]
[Date "2022.06.29"]
[WhiteClock "0:00:36"]
[BlackClock "0:00:05"]

1. e4 c5 2. Nf3 Nc6 3. d4 cxd4 4. Nxd4 Nf6 5. Nc3 d6 6. Bc4 Qb6 7. Nde2 e6 8. O-O a6 9. a4 Be7 10. Be3 Qc7 11. Ba2 O-O 12. h3 Na5 13. Qd3 Nc6 14. Rfd1 Nb4 15. Qd2 Nxa2 16. Rxa2 b6 17. Qd4 Nd7 18. Ra3 Bb7 19. Raa1 Rfd8 20. Qb4 Nc5 21. Rd2 Rd7 22. Rad1 Rad8 23. Bf4 Bc6 24. a5 bxa5 25. Qxc5 dxc5 26. Bxc7 Rxd2 27. Bxd8 Rxd1+ 28. Nxd1 Bxd8 29. Nec3 Bf6 30. Kf1 Bd4 31. f3 Kf8 32. Ke2 Bb5+ 33. Kd2 Bf1 34. g4 Bxh3 35. Ne2 Bg2 36. Nxd4 cxd4 37. Ke2 h5 38. gxh5 e5 39. Nf2 Ke7 40. Nd3 Kd6 41. Nf2 f6 42. Ng4 Bh3 43. h6 gxh6 44. Nxf6 Be6 45. Kd3 Bf7 46. Ng4 h5 47. Nh2 h4 48. f4 exf4 49. Kxd4 Bg6 50. c4 Bh5 51. e5+ Ke6 52. c5 f3 53. c6 f2 54. Ke3 Be8 55. c7 Kd7 56. Kxf2 Kxc7 57. Ke3 Bd7 58. Kd4 Be6 59. Kc5 h3 60. Nf3 Bf5 61. Nh2 Be6 62. Nf1 Bf5 63. Kd5 Kd7 64. Nh2 Be6+ 65. Kc5 Bf5 66. Kb6 Ke6 67. Kxa5 Bd3 68. Ng4 Be2 69. Nh2 Kxe5 70. Kb4 Kf4 71. Kc3 Kg3 72. Kd2 Kxh2 73. Kxe2 Kg2 74. b4 h2 75. b5 axb5 0-1


[Site "https://www.chess.com"]

[Event "Titled Tuesday Blitz June 28 Late 2022"]
[White "Bekturov, Tamerlan"]
[Black "Bluebaum, Matthias"]
[WhiteFideId "13710184"]
[BlackFideId "24651516"]
[WhiteElo "2151"]
[BlackElo "2556"]
[Result "1/2-1/2"]
[Round "06"]
[TimeControl "180+1"]
[Date "2022.06.28"]
[WhiteClock "0:00:13"]
[BlackClock "0:00:06"]

1. d4 Nf6 2. c4 e6 3. g3 Bb4+ 4. Bd2 a5 5. Bg2 d5 6. Nf3 O-O 7. O-O dxc4 8. Bg5 h6 9. Bxf6 Qxf6 10. Ne5 Rd8 11. e3 Nc6 12. Nxc4 e5 13. a3 Bf8 14. d5 Ne7 15. Nc3 c6 16. Nb6 Rb8 17. Qa4 cxd5 18. Ncxd5 Nxd5 19. Nxd5 Qa6 20. Rfd1 Bf5 21. Bf1 b5 22. Qh4 Rd6 23. Ne7+ Bxe7 24. Qxe7 Re6 25. Rd8+ Rxd8 26. Qxd8+ Kh7 27. Qd7 Bg6 28. Qxb5 Qa8 29. Rd1 Re7 30. Bd3 e4 31. Be2 Rb7 32. Qe5 Qc8 33. Qd4 Qc2 34. Rd2 Qc1+ 35. Kg2 h5 36. h3 h4 37. g4 a4 38. Qc3 Qxc3 39. bxc3 Rb3 40. Rc2 Rxa3 41. c4 Rb3 42. c5 Rb7 43. c6 Rc7 44. Bb5 a3 45. Ra2 f5 46. Rxa3 fxg4 47. hxg4 Be8 48. Rc3 g5 49. Rc5 Kg6 50. Re5 Kf6 51. Rf5+ Kg6 52. Rd5 Kf6 53. Rd6+ Ke5 54. Rh6 Bf7 55. Rh7 Kf6 56. Rh8 Bd5 57. Kh3 Kg7 58. Rh5 Kg6 59. Rh8 Bxc6 60. Bxc6 Rxc6 61. Re8 Rc2 62. Kg2 Rc4 63. Re6+ Kf7 64. Re5 Kf6 65. Rf5+ Kg6 66. Re5 Ra4 67. Re6+ Kf7 68. Re5 Kf6 69. Rf5+ Kg6 70. Re5 Rb4 71. Re6+ Kf7 72. Re5 Kf6 73. Rf5+ Kg6 74. Re5 Rc4 75. Kh3 Kf6 76. Rf5+ Kg6 77. Re5 Kf6 78. Rf5+ Kg6 79. Re5 1/2-1/2


[Site "https://www.chess.com"]

[Event "Titled Tuesday Blitz June 28 Late 2022"]
[White "Berant"]
[Black "Korchmar, Vasiliy"]
[BlackFideId "24131750"]
[WhiteElo "2498"]
[BlackElo "2695"]
[Result "1/2-1/2"]
[Round "06"]
[TimeControl "180+1"]
[Date "2022.06.29"]
[WhiteClock "0:00:08"]
[BlackClock "0:00:02"]

1. e4 c5 2. Nf3 d6 3. d4 cxd4 4. Nxd4 Nf6 5. Nc3 Nc6 6. Bc4 Qb6 7. Nb3 e6 8. Be3 Qc7 9. O-O a6 10. a4 Be7 11. Kh1 Ne5 12. Be2 Nc4 13. Bxc4 Qxc4 14. a5 Bd7 15. Nd4 O-O 16. f4 Qc7 17. Rf3 Rfe8 18. Rg3 Bf8 19. Qf3 Kh8 20. Re1 Qxa5 21. Bd2 Qh5 22. Qf2 Ng4 23. Qg1 e5 24. fxe5 dxe5 25. Nf3 Rac8 26. h3 Bc5 27. Qf1 Nf2+ 28. Kh2 Ng4+ 29. Kh1 Bf2 30. Rxg4 Bxe1 31. Rg5 Qh6 32. Qxe1 Qb6 33. Rh5 f6 34. Qh4 Kg8 35. Rxh7 Be6 36. Qh5 Kf8 37. Qg6 Qc7 38. Ng5 fxg5 39. Bxg5 Bg8 40. Rxg7 Qxg7 41. Bh6 Rc7 42. Nd5 Bxd5 43. Bxg7+ Rxg7 44. Qf6+ Bf7 45. Qd6+ Kg8 46. g4 Bg6 47. h4 Bxe4+ 48. Kh2 Rxg4 49. Qd7 Rg2+ 50. Kh3 Rf8 51. Qe6+ Rf7 52. Qe8+ Rf8 53. Qe6+ Kh7 54. Qe7+ Kg8 55. Qe6+ 1/2-1/2


[Site "https://www.chess.com"]

[Event "Titled Tuesday Blitz June 28 Late 2022"]
[White "Bjelobrk, Igor"]
[Black "Lauridsen, Jesper Morch"]
[WhiteFideId "4300726"]
[BlackFideId "1401890"]
[WhiteElo "2617"]
[BlackElo "2242"]
[Result "1-0"]
[Round "06"]
[TimeControl "180+1"]
[Date "2022.06.29"]
[WhiteClock "0:01:33"]
[BlackClock "0:00:28"]

1. Nf3 d5 2. c4 e6 3. g3 Nf6 4. Bg2 Be7 5. d4 O-O 6. O-O c5 7. cxd5 exd5 8. Nc3 Nc6 9. Bg5 cxd4 10. Nxd4 h6 11. Be3 Re8 12. Qa4 Ne5 13. Rad1 a6 14. Nxd5 Nxd5 15. Bxd5 Bh3 16. Bxb7 Bxf1 17. Kxf1 Ng4 18. Nf5 Nxe3+ 19. Nxe3 Qc7 20. Bxa8 Rxa8 21. Nd5 Qb7 22. Qe4 Kf8 23. Qxe7+ Qxe7 24. Nxe7 Kxe7 25. e3 Rc8 26. Rd2 Rc1+ 27. Ke2 Rh1 28. h4 g5 29. hxg5 hxg5 30. Kd3 Ke6 31. Kc4 Ke5 32. Kb4 Ke4 33. Ka5 Rh6 34. b4 f5 35. a4 f4 36. gxf4 gxf4 37. exf4 Kxf4 38. b5 axb5 39. axb5 1-0


[Site "https://www.chess.com"]

[Event "Titled Tuesday Blitz June 28 Late 2022"]
[White "Bolanos, Fernando"]
[Black "Mirzoev, Azer"]
[WhiteFideId "3304094"]
[BlackFideId "13400304"]
[WhiteElo "2048"]
[BlackElo "2525"]
[Result "0-1"]
[Round "06"]
[TimeControl "180+1"]
[Date "2022.06.29"]
[WhiteClock "0:00:09"]
[BlackClock "0:01:19"]

1. e4 c5 2. Nf3 e6 3. d4 cxd4 4. Nxd4 a6 5. c4 Qc7 6. Nc3 g6 7. Be3 Bg7 8. Be2 Ne7 9. O-O O-O 10. Qd2 Nbc6 11. Nc2 f5 12. f3 Ne5 13. b3 b5 14. c5 Bb7 15. b4 fxe4 16. fxe4 N7c6 17. a3 Rae8 18. h3 Qb8 19. a4 Nc4 20. Bxc4 bxc4 21. b5 Na5 22. Rxf8+ Rxf8 23. Rf1 Nb3 24. Qe1 axb5 25. axb5 Rxf1+ 26. Kxf1 Qe5 27. Ne2 Qxe4 0-1


[Site "https://www.chess.com"]

[Event "Titled Tuesday Blitz June 28 Late 2022"]
[White "Bortnyk, Olexandr"]
[Black "Xu, Yi"]
[WhiteFideId "14120828"]
[BlackFideId "8605564"]
[WhiteElo "2723"]
[BlackElo "2471"]
[Result "1-0"]
[Round "06"]
[TimeControl "180+1"]
[Date "2022.06.28"]
[WhiteClock "0:01:10"]
[BlackClock "0:00:05"]

1. d4 Nf6 2. Nc3 d5 3. Bf4 a6 4. e3 e6 5. Nf3 c5 6. a3 Nc6 7. h3 Bd6 8. dxc5 Bxc5 9. Bd3 Bd6 10. Bxd6 Qxd6 11. O-O O-O 12. e4 d4 13. Ne2 e5 14. Ng3 Be6 15. Qd2 Rfe8 16. Nh4 Nd7 17. Be2 Qf8 18. Ngf5 g6 19. Ng3 Rac8 20. Bd3 Qg7 21. f4 exf4 22. Rxf4 Nde5 23. Raf1 Nxd3 24. cxd3 Ne5 25. Ngf5 gxf5 26. exf5 Bd5 27. f6 Qh6 28. Nf5 Qxf6 29. Rxd4 Qc6 30. Rxd5 Qxd5 31. Qg5+ Ng6 32. Nh6+ Kg7 33. Qxd5 Kxh6 34. Rxf7 Rc1+ 35. Kh2 Ree1 36. Qxb7 Rh1+ 37. Kg3 Rc5 38. Rxh7+ Kg5 39. Qf3 Re5 40. Rh5# 1-0


[Site "https://www.chess.com"]

[Event "Titled Tuesday Blitz June 28 Late 2022"]
[White "Boruchovsky, Avital"]
[Black "Matlakov, Maxim"]
[WhiteFideId "2800055"]
[BlackFideId "4168003"]
[WhiteElo "2466"]
[BlackElo "2669"]
[Result "1-0"]
[Round "06"]
[TimeControl "180+1"]
[Date "2022.06.28"]
[WhiteClock "0:00:06"]
[BlackClock "0:00:05"]

1. e4 e5 2. Nf3 Nc6 3. Bb5 a6 4. Ba4 Nf6 5. d3 d6 6. c3 g6 7. O-O Bg7 8. Re1 O-O 9. Nbd2 h6 10. Nf1 Re8 11. Ng3 b5 12. Bc2 d5 13. exd5 Nxd5 14. a4 Rb8 15. axb5 axb5 16. Bb3 b4 17. Ne4 bxc3 18. bxc3 Be6 19. Ba4 Bd7 20. Qc2 Nce7 21. Nc5 Bxa4 22. Rxa4 Nxc3 23. Qxc3 e4 24. Nd4 Nf5 25. Be3 exd3 26. Nxd3 Qd7 27. Qc6 Qxc6 28. Nxc6 Rb3 29. Bd2 Rxe1+ 30. Nxe1 Rb2 31. Ra8+ Kh7 32. Ba5 Ra2 33. Kf1 Ra1 34. Ra7 Nd4 35. Bxc7 Rxe1+ 36. Kxe1 Nxc6 37. Rb7 g5 38. Bb6 Kg6 39. Be3 Ne5 40. Ke2 Ng4 41. h3 Ne5 42. g4 Nc4 43. Rc7 Nxe3 44. Kxe3 Be5 45. Rc6+ f6 46. Ke4 Bf4 47. f3 Kf7 48. Kf5 Be5 49. Re6 Bd4 50. Rd6 Be5 51. Rd7+ Ke8 52. Rh7 Kf8 53. Rxh6 1-0


[Site "https://www.chess.com"]

[Event "Titled Tuesday Blitz June 28 Late 2022"]
[White "Chernomordik, Pavel"]
[Black "Toncheva, Nadya"]
[WhiteFideId "2804530"]
[BlackFideId "2924056"]
[WhiteElo "2220"]
[BlackElo "1888"]
[Result "0-1"]
[Round "06"]
[TimeControl "180+1"]
[Date "2022.06.29"]
[WhiteClock "0:00:01"]
[BlackClock "0:00:05"]

1. e4 c5 2. Nc3 Nc6 3. Bb5 Nd4 4. Bc4 g6 5. Nge2 Nxe2 6. Qxe2 Bg7 7. O-O e6 8. f4 Ne7 9. f5 exf5 10. exf5 Bd4+ 11. Kh1 O-O 12. fxg6 hxg6 13. Nd5 Nf5 14. c3 Bg7 15. Rxf5 gxf5 16. Ne7+ Kh7 17. Qh5+ Bh6 18. Nxf5 Qg5 19. Qf3 d5 20. Bd3 Re8 21. Ne3+ Kg7 22. Bb5 Re4 23. Bd3 Rf4 24. Qxd5 Be6 25. Qxg5+ Bxg5 26. Be2 Rf2 27. Bb5 a6 28. Kg1 Bxe3 29. dxe3 Rf5 30. Bd3 Re5 31. e4 Rd8 32. Bc2 f5 33. Bf4 Rxe4 34. Bxe4 fxe4 35. Re1 Bf5 36. Be3 b6 37. h3 Rd3 38. g4 Bg6 39. Kg2 Kf6 40. Kg3 Ke5 41. Kf2 Rd6 42. h4 Rd5 43. h5 Bf7 44. Kg3 Kf6 45. Kf4 Re5 46. g5+ Rxg5 47. h6 Rf5+ 48. Kg4 Bg6 49. Rh1 Bh7 50. Rd1 Rf3 51. Bg5+ Kg6 52. Rd6+ Kf7 53. Rd7+ Kg8 0-1


[Site "https://www.chess.com"]

[Event "Titled Tuesday Blitz June 28 Late 2022"]
[White "Clarke, Brandon G I"]
[Black "Barria Zuniga, Daniel"]
[WhiteFideId "400319"]
[BlackFideId "3400816"]
[WhiteElo "2414"]
[BlackElo "2414"]
[Result "1/2-1/2"]
[Round "06"]
[TimeControl "180+1"]
[Date "2022.06.28"]
[WhiteClock "0:00:05"]
[BlackClock "0:00:04"]

1. e4 c5 2. Nf3 e6 3. d3 b6 4. Nbd2 Bb7 5. Be2 d6 6. c3 Nd7 7. Qc2 Ngf6 8. Nf1 Be7 9. h3 O-O 10. g4 c4 11. Ng3 cxd3 12. Bxd3 Nc5 13. Nd2 Nxd3+ 14. Qxd3 Nd7 15. Qc2 Nc5 16. Nb3 Bh4 17. Nxc5 bxc5 18. Rg1 Qf6 19. Qe2 a5 20. Nh5 Qe5 21. Bf4 Qxe4 22. Qxe4 Bxe4 23. Bxd6 Rfc8 24. Ke2 a4 25. f3 Bd5 26. Nf4 Ra6 27. Nxd5 exd5 28. Bf4 Re8+ 29. Kd3 c4+ 30. Kd2 Rae6 31. Rg2 Be1+ 32. Kc2 Bh4 33. Rd1 Re2+ 34. Rxe2 Rxe2+ 35. Rd2 Rxd2+ 36. Kxd2 f6 37. Ke3 Kf7 38. Kd4 Ke6 39. Kc5 Bf2+ 40. Kb4 a3 41. Kxa3 d4 42. cxd4 Bxd4 43. Kb4 Kd5 44. Bc1 Bc5+ 45. Kb5 Bd4 46. a4 c3 47. bxc3 Bxc3 48. a5 Bxa5 49. Kxa5 Kd4 50. Kb5 Kd3 51. Kc5 Ke2 52. f4 Kf3 53. Kd5 Kg3 54. Ke6 Kxh3 55. Kf7 Kxg4 56. Kxg7 h5 57. Kxf6 h4 58. f5 h3 59. Bf4 Kxf4 60. Kg6 h2 61. f6 h1=Q 62. f7 Qe4+ 63. Kg7 Qe5+ 64. Kg8 Qg5+ 65. Kh7 Qh5+ 66. Kg7 Qg5+ 67. Kh8 Qh6+ 68. Kg8 Qg6+ 69. Kh8 Qf6+ 70. Kg8 Kg5 71. f8=Q Qxf8+ 72. Kxf8 1/2-1/2


[Site "https://www.chess.com"]